 Dungeon Crawl Stone Soup version 0.30-a0-1123-gabc949cf19 (webtiles) character file.

Game seed: 5052938611439757941

1781 gelatine the Chopper (level 8, -6/54 (60) HPs)
             Began as a Demonspawn Gladiator on Apr 22, 2023.
             Mangled by Joseph
             ... wielding a +0 quarterstaff
              (13 damage)
             ... on level 7 of the Dungeon.
             The game lasted 00:15:39 (6479 turns).

gelatine the Chopper (Demonspawn Gladiator)         Turns: 6479, Time: 00:15:40

HP:   -6/54 (60)    AC: 13    Str: 16    XL:     8   Next: 81%
MP:   12/12         EV: 13    Int: 16    God:
Gold: 308           SH:  5    Dex: 15    Spells: 11/12 levels left

rFire   . . .        a - +0 war axe
rCold   + . .        (no shield)
rNeg    . . .        t - +3 leather armour {rC+}
rPois   .            p - +2 helmet
rElec   .            u - +0 cloak
rCorr   .            (no gloves)
SInv    .            (no boots)
Will    .....        l - amulet of reflection
Stlth   ++           h - +6 ring of intelligence
HPRegen 0.29/turn    (no ring)
MPRegen 0.13/turn

%: reflection
@: heavily drained
A: thin metallic scales 2, powered by death 2
a: no special abilities


You were on level 7 of the Dungeon.
You visited 1 branch of the dungeon, and saw 7 of its levels.
You also visited: Sewer.

You collected 308 gold pieces.

Inventory:

Hand Weapons
 a - a +0 war axe (weapon)
 D - the +1 whip "Amylikk" {speed, rPois rN++ Dex+6}
   (You found it on level 5 of the Dungeon)

   Dex:       It affects your dexterity (+6).
   rPois:     It protects you from poison.
   rN:        It greatly protects you from negative energy.
Missiles
 e - 5 javelins
 m - 15 poisoned darts (quivered)
 H - 2 silver boomerangs
Armour
 p - a +2 helmet (worn)
 t - a +3 leather armour of cold resistance (worn)
 u - a +0 cloak (worn)
Jewellery
 h - a +6 ring of intelligence (left hand)
 l - an amulet of reflection (around neck)
Wands
 b - a wand of flame (14)
 d - a wand of digging (3)
 E - a wand of polymorph (12)
Scrolls
 g - a scroll of vulnerability
 n - 6 scrolls of enchant weapon {unknown}
 o - 5 scrolls of teleportation
 x - 2 scrolls of immolation {unknown}
 y - a scroll of noise {unknown}
 z - a scroll of magic mapping
 F - a scroll of summoning {unknown}
 G - a scroll of silence {unknown}
Potions
 c - a potion of might
 f - a potion of mutation {unknown}
 i - 2 potions of cancellation {unknown}
 j - a potion of berserk rage {unknown}
 k - 3 potions of curing {unknown}
 q - a potion of resistance {unknown}
 r - 2 potions of degeneration {unknown}
 s - a potion of ambrosia {unknown}
 v - a potion of brilliance {unknown}
 w - a potion of attraction {unknown}
 A - a potion of flight {unknown}
 B - a potion of heal wounds {unknown}
 C - a potion of invisibility {unknown}


   Skills:
 * Level 3.9 Fighting
 * Level 5.8(5.9) Axes
 + Level 1.2(3.9) Maces & Flails
 * Level 4.2 Throwing
 * Level 2.7 Armour
 * Level 3.9 Dodging
 * Level 2.7 Stealth
 * Level 2.0 Shields
 * Level 2.7 Spellcasting
 * Level 2.1 Translocations
 * Level 2.2 Evocations


You had 11 spell levels left.
You knew the following spells:

 Your Spells              Type           Power      Damage    Failure   Level
a - Apportation           Tloc           18%        N/A       10%         1

Your spell library contained the following spells:

 Spells                   Type           Power      Damage    Failure   Level
 Alistair's Intoxication  Tmut/Pois      1%         N/A       99%         5
 Borgnjor's Revivificati  Necr           1%         N/A       100%        8
 Necromutation            Tmut/Necr      1%         N/A       100%        8
 Death's Door             Necr           1%         N/A       100%        9


Dungeon Overview and Level Annotations

Branches:
Dungeon (7/15)              Sewer (visited)
 Temple: D:4-7

Altars:
Cheibriados
Dithmenos
Nemelex Xobeh
Okawaru
Sif Muna
Xom
Yredelemnul

Shops:
D:4 :

Annotations:
D:7 Joseph


Innate Abilities, Weirdness & Mutations

You are mostly covered in thin metallic scales. (AC +3)
You regenerate health from kills.


Message History

Joseph shoots a sling bullet.
The sling bullet hits you!
You feel drained.
You throw a poisoned dart. The poisoned dart hits Joseph!
Joseph looks as sick as possible!
Joseph is lightly wounded.
You throw a poisoned dart. The poisoned dart hits Joseph!
Joseph looks as sick as possible!
Joseph is lightly wounded.
You throw a poisoned dart. The poisoned dart barely misses Joseph.
Joseph shoots a sling bullet.
The sling bullet hits you!
You feel drained.
You are too injured to fight recklessly!
You are too injured to fight recklessly!
Joseph unwields a +0 sling of draining.
Joseph wields a +0 quarterstaff.
Joseph hits you but does no damage.
You closely miss Joseph.
Joseph is lightly wounded.
Joseph hits you but does no damage.
You barely miss Joseph.
Joseph is lightly wounded.
Joseph hits you with a +0 quarterstaff.
* * * LOW HITPOINT WARNING * * *
You closely miss Joseph.
Joseph is moderately wounded.
Joseph screams, "I'm going to kill you!
Now!"
Joseph barely misses you.
Joseph says, "It's nothing personal."
Joseph closely misses you.
You slash Joseph!
Joseph is heavily wounded.
Joseph hits you but does no damage.
You closely miss Joseph.
Joseph is heavily wounded.
Joseph hits you with a +0 quarterstaff!
* * * LOW HITPOINT WARNING * * *
You closely miss Joseph.
Joseph is heavily wounded.
You block Joseph's attack.
You closely miss Joseph.
Joseph is heavily wounded.
Joseph hits you with a +0 quarterstaff!
You die...

# #.######
##.#(...###
...(......####
#..(........
#...(.!...##.#
#....@.......#
#. #@..# #.
#..###.#
#.####.##......#
#......#..####.#
###..######
#<..........
#)##########
#.#####)##
#.......)#


You could see Joseph (very poisoned).

Vanquished Creatures
  Grinder (D:3)
  A black bear (D:6)
  An ogre (D:4)
  The ghost of ZoeForever1 the Firebug, an amateur DrFE (D:3)
  A phantom (D:5)
  3 kobold brigands
  A bullfrog (D:6)
  Blork the orc (D:5)
  5 scorpions
  2 jellies
  An orc priest (D:7)
  A sleepcap (D:4)
  3 hounds
  Jessica (D:3)
  An iguana (D:4)
  Ijyb (D:3)
  Robin (D:2)
  3 gnolls (D:3)
  13 adders
  4 river rats (Sewer)
  An ufetubus (D:5)
  5 worms
  8 dart slugs
  6 orcs
  17 endoplasms
  4 giant cockroaches (D:4)
  16 goblins
  6 hobgoblins
  9 jackals
  3 quokkas
  8 ball pythons
  4 bats (D:1)
  A frilled lizard (D:3)
  13 kobolds
  5 rats
152 creatures vanquished.

Notes
Turn   | Place    | Note
-------+----------+-------------------------------------------
     0 | D:1      | gelatine the Demonspawn Gladiator began the quest for the
                  | Orb.
     0 | D:1      | Reached XP level 1. HP: 16/16 MP: 1/1
    24 | D:1      | Gained mutation: You are partially covered in thin metallic
                  | scales. (AC +2) [demonic ancestry]
    24 | D:1      | Reached XP level 2. HP: 23/23 MP: 2/2
    28 | D:1      | Found a faded altar of an unknown god.
   200 | D:1      | Reached skill level 3 in Axes
   469 | D:1      | Gained mutation: You are mostly covered in thin metallic
                  | scales. (AC +3) [demonic ancestry]
   469 | D:1      | Reached XP level 3. HP: 27/28 MP: 3/3
  1197 | D:2      | Noticed Robin
  1208 | D:2      | Killed Robin
  1209 | D:2      | Gained mutation: You regenerate a little health from kills.
                  | [demonic ancestry]
  1209 | D:2      | Reached XP level 4. HP: 22/34 MP: 5/5
  1667 | D:3      | Reached skill level 1 in Armour
  1686 | D:3      | Noticed Grinder
  1705 | D:3      | Paralysed by Grinder for 4 turns
  1713 | D:3      | Paralysed by Grinder for 4 turns
  1720 | D:3      | Killed Grinder
  1721 | D:3      | Reached skill level 4 in Axes
  1721 | D:3      | Reached skill level 1 in Stealth
  1721 | D:3      | Reached skill level 1 in Spellcasting
  1721 | D:3      | Gained mutation: You regenerate health from kills. [demonic
                  | ancestry]
  1721 | D:3      | Reached XP level 5. HP: 10/41 MP: 5/7
  1721 | D:3      | Reached XP level 6. HP: 12/47 MP: 5/8
  1985 | D:3      | Noticed Ijyb
  2015 | D:3      | Killed Ijyb
  2151 | D:3      | Found a runed translucent gate.
  2155 | D:3      | Found a runed translucent gate.
  2155 | D:3      | Found a runed translucent gate.
  2155 | D:3      | Noticed ZoeForever1's ghost (amateur DrFE)
  2206 | D:3      | Found a snail-covered altar of Cheibriados.
  2261 | D:3      | Learned a level 1 spell: Apportation
  2430 | D:3      | Noticed Jessica
  2436 | D:3      | Killed Jessica
  2443 | D:3      | Found a shimmering blue altar of Sif Muna.
  2670 | D:3      | Killed ZoeForever1's ghost
  3008 | D:4      | Found a glowing drain.
  3029 | D:4      | Reached XP level 7. HP: 52/52 MP: 9/9
  3050 | Sewer    | Entered a sewer
  3267 | Sewer    | Reached skill level 5 in Axes
  3468 | Sewer    | Reached skill level 1 in Shields
  3807 | Sewer    | Reached skill level 1 in Translocations
  3856 | D:4      | Found a shadowy altar of Dithmenos.
  3916 | D:4      | Found a sparkling altar of Nemelex Xobeh.
  3958 | D:4      | Reached skill level 1 in Evocations
  4459 | D:4      | Reached XP level 8. HP: 56/58 MP: 11/11
  4503 | D:4      | Found Mishri Cenetz's Tremendous Tomes.
  4583 | D:4      | Found an iron altar of Okawaru.
  4875 | D:5      | Entered Level 5 of the Dungeon
  4880 | D:5      | Found a basalt altar of Yredelemnul.
  4982 | D:5      | Noticed Blork the orc
  4991 | D:5      | Killed Blork the orc
  5211 | D:5      | Identified the +1 whip "Amylikk" {speed, rPois rN++ Dex+6}
  6064 | D:6      | Reached skill level 1 in Maces & Flails
  6148 | D:6      | Found a shimmering altar of Xom.
  6458 | D:7      | Noticed Joseph
  6479 | D:7      | Mangled by Joseph

Illustrated notes

Levels and vault maps discovered:
D:1:      minmay_arrival_stair_chambers, layout_basic,
          shapermc_ecumenical_altar_venn
D:2:      layout_basic, serial_glass, glass_columns_c, glass_columns_c,
          glass_columns_a, glass_columns_b, glass_columns_a, glass_columns_a,
          glass_columns_c, glass_columns_c, glass_columns_a, glass_columns_a,
          glass_columns_a, glass_columns_a, glass_columns_b, glass_columns_c,
          uniq_robin
D:3:      layout_basic, kennysheep_slug_shrine, tgw_sif, gammafunk_ghost_split,
          minmay_statues_item, hex_large, nicolae_figureground_sparkle,
          uniq_ijyb, uniq_grinder
D:4:      layout_loops_corners, mainiacjoe_overflow_paths,
          grunt_dithmenos_smoke, lemuel_coloured_pillars_altar,
          gup_sewer_entry_glass, hangedman_decor_diamond_cutter,
          nicolae_shop_i_like_big_books, chequers_serial_rivers_micro_c
D:5:      layout_basic, nicolae_tso_swordbearing_angel,
          yredelemnul_altar_generic, uniq_blork_the_orc
D:6:      layout_basic, mainiacjoe_overflow_catwalk
D:7:      wander_river, layout_basic, mainiacjoe_overflow_chevrons,
          minmay_temple_entry_ruins, kennysheep_path_1, uniq_joseph,
          uniq_prince_ribbit1, uniq_crazy_yiuf_cottage

Skill      XL: |  1  2  3  4  5  6  7  8 |
---------------+-------------------------+-----
Axes           | 3 4 5 |  5.8
Throwing       | 2 3 4 |  4.2
Armour         | 1 2 |  2.7
Fighting       | 3 |  3.9
Dodging        | 3 |  3.9
Stealth        | 1 2 |  2.7
Spellcasting   | 1 2 |  2.7
Shields        | 1 2 |  2.0
Translocations | 1 2 |  2.1
Evocations     | 1 2 |  2.2
Maces & Flails | 1 |  1.2

Action                     |  1- 3 |  4- 6 |  7- 9 || total
---------------------------+-------+-------+-------++-------
  Melee: War axe           |    80 |   155 |   136 ||   371
         Punch             |       |     2 |     9 ||    11
         Whip              |       |       |   211 ||   211
  Throw: Throwing net      |     1 |     5 |       ||     6
         Javelin           |       |     7 |    22 ||    29
         Dart              |       |       |    76 ||    76
   Cast: Apportation       |       |     7 |       ||     7
    Use: Scroll            |       |     3 |     1 ||     4
   Stab: Sleeping          |       |     3 |     4 ||     7
 Armour: Leather armour    |    27 |    71 |   113 ||   211
  Dodge: Dodged            |    49 |   115 |   150 ||   314
  Block: Other             |    11 |    38 |    66 ||   115
         Reflection        |       |     2 |     1 ||     3

Table legend: (Time is in decaauts)
 A = Elapsed time spent in this place.
 B = Non-inter-level travel time spent in this place.
 C = Inter-level travel time spent in this place.
 D = Time resting spent in this place.
 E = Time spent auto-exploring this place.
 F = Levels seen in this place.
 G = Mean time per level.
                   A        B        C        D        E       F      G
               +--------+--------+--------+--------+--------+-----+--------+
         Total |   6716 |   6383 |    333 |      0 |   4804 |   8 |  839.5 |
       Dungeon |   5689 |   5356 |    333 |      0 |   4039 |   7 |  812.7 |
         Sewer |   1027 |   1027 |      0 |      0 |    765 |   1 | 1027.0 |
               +--------+--------+--------+--------+--------+-----+--------+

Top non-repeatable levels by time:
     D:3: 1338 daAuts
     D:4: 1169 daAuts
   Sewer: 1027 daAuts
     D:2: 842 daAuts
     D:1: 818 daAuts
     D:5: 740 daAuts
     D:6: 688 daAuts
     D:7: 91 daAuts
